 Dungeon Crawl Stone Soup version 0.20-a0-251-g16a58bf (console) character file.

150 nht the Ruffian (level 5, -2/45 HPs)
             Began as a Troll Fighter on Nov 30, 2016.
             Was a Follower of Hepliaklqana.
             Slain by an orc priest
             ... wielding a +0 hand axe
              (4 damage)
             ... on level 3 of the Dungeon.
             The game lasted 00:02:06 (1411 turns).

nht the Ruffian (Troll Fighter)                     Turns: 1411, Time: 00:02:06

Health: -2/45      AC:  5    Str: 25    XL:     5   Next: 10%
Magic:  4/4        EV:  8    Int:  4    God:    Hepliaklqana [*.....]
Gold:   108        SH:  8    Dex:  9    Spells: 4/4 levels left

rFire  . . .     SeeInvis .       - Unarmed
rCold  . . .     Gourm    +     a - +0 robe
rNeg   . . .     Faith    .     b - +0 shield
rPois  .         Spirit   .     (helmet restricted)
rElec  .         Reflect  .     (no cloak)
rCorr  .         Harm     .     (gloves unavailable)
MR     .....                    (boots unavailable)
Stlth  +.........               (no amulet)
                                (no ring)
                                r - ring of flight

@: no status effects
A: unfitting armour, reduced essence, claws 3, fast metabolism 3, gourmand,
regeneration 1, shaggy fur 1, tough skin 2
a: Recall Ancestor, Ancestor Identity, Renounce Religion, Evoke Flight


You were on level 3 of the Dungeon.
You worshipped Hepliaklqana.
Hepliaklqana was aware of your devotion.
You were very full.

You visited 1 branch of the dungeon, and saw 3 of its levels.

You collected 108 gold pieces.

Inventory:

Armour
 a - a +0 robe (worn)
 b - a +0 shield (worn)
Jewellery
 r - a ring of flight (left claw)
Scrolls
 e - 2 scrolls of identify {unknown}
 i - a scroll of remove curse {unknown}
 j - 2 scrolls of blinking {unknown}
 m - a scroll of immolation {unknown}
 q - a scroll of teleportation {unknown}
 s - a scroll of magic mapping {unknown}
Potions
 c - 2 potions of might
 f - a potion of cure mutation {unknown}
 k - 3 potions of degeneration {unknown}
 l - a potion of cancellation {unknown}
 n - a potion of lignification {unknown}
 o - a potion of invisibility {unknown}
Comestibles
 d - 4 bread rations
 g - a beef jerky
 h - a meat ration
 p - a chunk of flesh


   Skills:
 - Level 2.4 Fighting
 - Level 2.4 Dodging
 - Level 2.4 Shields
 + Level 5.3 Unarmed Combat


You had 4 spell levels left.
You didn't know any spells.

Dungeon Overview and Level Annotations

Branches:
Dungeon (3/15)

Altars:
Hepliaklqana
Nemelex Xobeh


Innate Abilities, Weirdness & Mutations

You are too large for most types of armour.
You have claws for hands.
Your metabolism is lightning-fast.
You like to eat raw meat.
Your natural rate of healing is unusually fast.
You are covered in fur. (AC +1)
You have very tough skin. (AC +2)
Your life essence is reduced. (-10% HP)


Message History

There are monsters nearby!
You are too injured to fight recklessly!
You are too injured to fight recklessly!
There are monsters nearby!
There are monsters nearby!
You are too injured to fight recklessly!
You are too injured to fight recklessly!
You scratch the orc priest.
The orc priest is lightly wounded.
The orc priest hits you with a hand axe.
* * * LOW HITPOINT WARNING * * *
The orc hits you with a club.
* * * LOW HITPOINT WARNING * * *
The orc hits you with a mace.
* * * LOW HITPOINT WARNING * * *
You barely miss the orc priest.
The orc priest is lightly wounded.
Khabaw barely misses the orc.
The orc priest hits you with a hand axe.
You die...

.█>██...██.█ █... █..
█.██....█ █ ....
█.████.██....+ .....
██....█.......█ .....
█...█.█...█+█.█ ......
█...<.█.....███
......██.......█.█...█
█.....oR.....█.█.█.█.█
█....Ko@......██...█.█
█████.o...........██.███
██████.██.███.██....
█....█ █(██....
█....███.██....
█.██.█....+....
█.██......█....
█......██...██.
██....████.████


You could see the friendly Khabaw the ancestor, an orc priest, 2 orcs and a
kobold.

Vanquished Creatures
  An orc priest (D:3)
  Jessica (D:2)
  An adder (D:3)
  2 gnolls (D:2)
  2 oozes
  2 worms (D:2)
  3 dart slugs
  2 leopard geckos (D:2)
  2 ball pythons
  3 giant cockroaches (D:1)
  2 goblins (D:1)
  5 hobgoblins
  3 jackals (D:1)
  5 bats
  A kobold (D:2)
  A rat (D:1)
36 creatures vanquished.

Vanquished Creatures (collateral kills)
  A gnoll (D:2)
  A rat (D:2)
2 creatures vanquished.

Grand Total: 38 creatures vanquished

Notes
Turn   | Place    | Note
-------+----------+-------------------------------------------
     0 | D:1      | nht the Troll Fighter began the quest for the Orb.
     0 | D:1      | Reached XP level 1. HP: 22/22 MP: 0/0
   102 | D:1      | Reached XP level 2. HP: 17/29 MP: 1/1
   216 | D:1      | Reached skill level 3 in Unarmed Combat
   545 | D:2      | Noticed Jessica
   554 | D:2      | Reached XP level 3. HP: 28/36 MP: 2/2
   557 | D:2      | Killed Jessica
   557 | D:2      | Reached skill level 4 in Unarmed Combat
   695 | D:2      | Found a faded altar of an unknown god.
   741 | D:2      | Became a worshipper of Hepliaklqana the Forgotten
   741 | D:2      | Reached * piety under Hepliaklqana
   753 | D:2      | Reached XP level 4. HP: 39/39 MP: 3/3
  1365 | D:3      | Reached skill level 5 in Unarmed Combat
  1380 | D:3      | Found a sparkling altar of Nemelex Xobeh.
  1409 | D:3      | Reached XP level 5. HP: 15/45 MP: 4/4
  1410 | D:3      | HP: 2/45 [orc/mace (1)]
  1411 | D:3      | Slain by an orc priest

Vault maps used:
D:1:      minmay_arrival_doors, minmay_bisected
D:2:      chequers_ecumenical_altar_simple, uniq_jessica
D:3:      old_standard_altar, first_bread, nemelex_lonely_heart_becter

Skill      XL: |  1  2  3  4 |
---------------+-------------+-----
Unarmed Combat | 3 4 5 |  5.3
Fighting       | |  2.4
Dodging        | |  2.4
Shields        | |  2.4

Action                   |  1- 3 |  4- 6 || total
-------------------------+-------+-------++-------
Melee: Unarmed           |    63 |    41 ||   104
Invok: Ancestor Identity |     1 |       ||     1
 Stab: Sleeping          |     1 |       ||     1
  Eat: Chunk             |    12 |     6 ||    18
Armor: Robe              |    21 |     7 ||    28
Dodge: Dodged            |    19 |    13 ||    32
Block: Shield            |    36 |    17 ||    53
